 Dungeon Crawl Stone Soup version 0.31-a0-229-g1fc7ce93e2 (webtiles) character file.

Game seed: 3971339237804863432

31 qw the Shooter (level 3, 0/29 HPs)
             Began as a Minotaur Hexslinger on July 6, 2023.
             Slain by an adder (2 damage)
             ... on level 1 of the Dungeon.
             The game lasted 00:00:15 (612 turns).

qw the Shooter (Minotaur Hexslinger)                 Turns: 612, Time: 00:00:15

Health: 0/29       AC:  3    Str: 12    XL:     3   Next: 7%
Magic:  3/3        EV: 12    Int: 10    God:
Gold:   86         SH:  0    Dex: 14    Spells: 3/4 levels left

rFire   . . .        Y - +1 sling
rCold   . . .        (no shield)
rNeg    . . .        i - +0 leather armour
rPois   .            (helmet restricted)
rElec   .            (no cloak)
rCorr   .            (no gloves)
SInv    .            (no boots)
Will    .....        k - amulet of regeneration
Stlth   +            (no ring)
HPRegen 1.04/turn    (no ring)
MPRegen 0.08/turn

%: no passive effects
@: lethally poisoned (0 -> -2)
A: horns 2, retaliatory headbutt
a: no special abilities


You were on level 1 of the Dungeon.
You visited 1 branch of the dungeon, and saw 2 of its levels.

You collected 86 gold pieces.


Innate Abilities, Weirdness & Mutations

You have a pair of horns on your head.
You reflexively headbutt those who attack you in melee.


   Skills:
 - Level 2.0 Fighting
 + Level 3.6 Ranged Weapons
 - Level 2.1 Dodging
 - Level 1.0 Spellcasting
 - Level 2.0 Hexes


You had 3 spell levels left.
You knew the following spells:

 Your Spells              Type           Power      Damage    Failure   Level
a - Slow                  Hex            16%        N/A       19%         1

Your spell library contained the following spells:

 Spells                   Type           Power      Damage    Failure   Level
 Inner Flame              Hex/Fire       2%         N/A       65%         3
 Portal Projectile        Hex/Tloc       4%         N/A       65%         3
 Cause Fear               Hex            2%         N/A       88%         4

Inventory:

Hand Weapons
 Y - a +1 sling (weapon)
Armour
 i - a +0 leather armour (worn)
Jewellery
 k - an amulet of regeneration (around neck)
Scrolls
 a - a scroll of identify
Potions
 e - a potion of haste {unknown}
 f - a potion of degeneration {unknown}
 g - a potion of curing {unknown}
 j - a potion of attraction {unknown}
 l - a potion of heal wounds {unknown}

Dungeon Overview and Level Annotations

Branches:
Dungeon (2/15)

Altars:


Message History

Enter note: You shoot a sling bullet.
The sling bullet closely misses the adder.
You feel sick. The adder misses you. The adder bites you.
The hobgoblin closely misses you. The adder bites you. x2
You shoot a sling bullet. The sling bullet hits the adder.
The adder is almost dead.
You feel sick. The hobgoblin hits you. The adder bites you.
The adder barely misses you.
You shoot a sling bullet. The sling bullet hits the adder.
You kill the adder!
You feel sick.
You are no longer poisoned.
The adder bites you but does no damage. The hobgoblin hits you.
The adder barely misses you. The hobgoblin barely misses you.
You have reached level 3!
Your experience leads to an increase in your attributes!
Increase (S)trength, (I)ntelligence, or (D)exterity?
You feel agile. x2
You shoot a sling bullet. The sling bullet hits the adder.
The adder is severely wounded.
The adder bites you. The hobgoblin barely misses you. The adder bites you.
You are poisoned.
The adder poisons you!
You shoot a sling bullet.
The sling bullet closely misses the adder.
You feel sick. The adder bites you but does no damage.
The hobgoblin barely misses you. The adder barely misses you.
You shoot a sling bullet.
The sling bullet completely misses the adder.
You feel sick.
The hobgoblin hits you but does no damage.
The adder bites you.
You are lethally poisoned!
The adder poisons you!
The hobgoblin hits you but does no damage.
You shoot a sling bullet. The sling bullet misses the adder.
You feel very sick. The adder bites you.
You die...

#...### #..# ####.# #### #...#
##.# #....# #...# #.# #.####
....######.# #.#
.##........###.#######
.########............## #########
###########....#####..###........
.......# ##...%.# ##..>.[.......
%......#####....@###.............
.......##......S.g...####........
..........##.....##### #........
.......#####)....# #........
.......# #.....# #########
.......# ####### .......#
.......# ########


You could see an adder and a hobgoblin.

Vanquished Creatures
  An adder (D:1)
  3 ball pythons (D:1)
  2 endoplasms (D:1)
  2 giant cockroaches (D:1)
  A goblin (D:1)
  A hobgoblin (D:1)
  A quokka (D:1)
  4 bats (D:1)
  3 kobolds (D:1)
  3 rats
21 creatures vanquished.

Notes
Turn   | Place    | Note
-------+----------+-------------------------------------------
     0 | D:1      | qw the Minotaur Hexslinger began the quest for the Orb.
     0 | D:1      | Reached XP level 1. HP: 16/16 MP: 1/1
     0 | D:1      | 0 ||| qw: Version: 0.3-a-46-gb1f654a
     0 | D:1      | 0 ||| qw: Game counter: 1401
     0 | D:1      | 0 ||| qw: Melee chars always use a shield: true
     0 | D:1      | 0 ||| qw: God list: Okawaru
     0 | D:1      | 0 ||| qw: Allow faded altars: false
     0 | D:1      | 0 ||| qw: Do Orc after clearing Dungeon:15 true
     0 | D:1      | 0 ||| qw: Do second Lair branch before Depths: true
     0 | D:1      | 0 ||| qw: Lair rune preference: random
     0 | D:1      | 0 ||| qw: Goals: Normal
     0 | D:1      | 0 ||| PLANNING D:1-11
   183 | D:1      | Reached skill level 3 in Ranged Weapons
   253 | D:1      | Reached XP level 2. HP: 23/23 MP: 2/2
   538 | D:1      | 538 ||| UPGRADING to +0 leather armour.
   548 | D:1      | 548 ||| DROPPING +0 robe.
   549 | D:1      | 549 ||| UPGRADING to amulet of regeneration.
   554 | D:1      | 554 ||| READING 2 scrolls labelled SESKUNASME.
   555 | D:1      | 555 ||| READING scroll labelled LEKHAE UH WAOSHRI.
   556 | D:1      | 556 ||| READING scroll labelled JUIZXI PUGHIRCHYL.
   560 | D:1      | 560 ||| DROPPING scroll of poison.
   604 | D:2      | 604 ||| STAIRDANCE
   608 | D:1      | HP: 6/24 [hobgoblin (2)]
   609 | D:1      | Reached XP level 3. HP: 7/29 MP: 3/3
   612 | D:1      | HP: 2/29 [poisoned by an adder]
   612 | D:1      | Slain by an adder

Levels and vault maps discovered:
D:1:      minmay_arrival_doors, layout_rooms, st_stairs_2, supply_closet_lemuel
D:2:      layout_rooms, shapermc_ecumenical_altar_mp_highgroup, serial_rivers,
          chequers_serial_rivers_micro_b, chequers_serial_rivers_large_a,
          chequers_serial_rivers_marsh, chequers_serial_rivers_small_a,
          chequers_serial_rivers_micro_d, basic_altar

Skill      XL: |  1  2 |
---------------+-------+-----
Ranged Weapons | 3 |  3.6
Fighting       | 2 |  2.0
Dodging        | |  2.1
Spellcasting   | |  1.0
Hexes          | |  2.0

Action                     || total
---------------------------++-------
   Fire: Sling             ||    52
    Use: Scroll            ||     3
 Armour: Robe              ||     3
         Leather armour    ||     5
  Dodge: Dodged            ||    22

Table legend:
 A = Non-vault XP
 B = Vault XP
 C = Vault XP percentage of total XP
 D = Non-vault monster count
 E = Vault monster count
 F = Vault count percentage of total count
                 A         B        C        D         E       F
            +---------+---------+-------+---------+---------+-------
      Total |      39 |       6 |  13.3 |      18 |       3 |  14.3
            +---------+---------+-------+---------+---------+-------
        D:1 |      38 |       6 |  13.6 |      17 |       3 |  15.0
        D:2 |       1 |       0 |   0.0 |       1 |       0 |   0.0
            +---------+---------+-------+---------+---------+-------
